 Dungeon Crawl Stone Soup version 0.21.1-1-g345015f (webtiles) character file.

19192 Fortress the Basher (level 12, 0/108 HPs)
             Began as a Minotaur Gladiator on June 9, 2018.
             Was a Priest of Makhleb.
             Slain by a lorocyproca (29 damage)
             ... on level 2 of the Abyss.
             The game lasted 01:44:11 (9408 turns).

Fortress the Basher (Minotaur Gladiator)            Turns: 9408, Time: 01:44:12

Health: 0/108      AC:  7    Str: 22    XL:     12   Next: 34%
Magic:  0/5        EV: 17    Int:  5    God:    Makhleb [***...]
Gold:   505        SH:  0    Dex: 14    Spells: 11/11 levels left

rFire    . . .     SeeInvis .   v - +5 flail (antimagic)
rCold    . . .     Gourm    .   (no shield)
rNeg     + . .     Faith    .   E - +1 troll leather armour
rPois    .         Spirit   .   c - +0 hat
rElec    .         Reflect  .   o - scarf {repulsion}
rCorr    .         Harm     .   K - +0 pair of gloves
MR       .....                  (no boots)
Stlth    +++.......             (no amulet)
HPRegen  0.68/turn              J - ring of positive energy
MPRegen  0.09/turn              l - ring of stealth

@: slowed, repel missiles, very slow
A: retaliatory headbutt, horns 2
a: Minor Destruction, Lesser Servant of Makhleb, Renounce Religion


You were on level 2 of the Abyss.
You worshipped Makhleb.
Makhleb was most pleased with you.
You were not hungry.

You visited 3 branches of the dungeon, and saw 13 of its levels.
You visited the Abyss 1 time.
You also visited: Sewer.

You collected 669 gold pieces.
You spent 164 gold pieces at shops.

Inventory:

Hand Weapons
 a - a +4 mace
 v - a +5 antimagic flail (weapon)
 C - a +2 whip of freezing
 S - a +2 whip of draining
Missiles
 d - 3 throwing nets (quivered)
 e - 3 needles of frenzy
 k - 287 stones
 z - 131 arrows
 B - 92 sling bullets
 I - 10 poisoned needles
 Q - 2 needles of confusion
Armour
 c - a +0 hat (worn)
 o - a scarf of repulsion (worn)
 u - a +1 cloak
 E - a +1 troll leather armour (worn)
 K - a +0 pair of gloves (worn)
Magical Staves
 q - an uncursed staff of air
 s - an uncursed staff of conjuration
 P - an uncursed staff of wizardry
Jewellery
 l - a ring of stealth (right hand)
 J - a ring of positive energy (left hand)
Wands
 p - a wand of disintegration (4)
 A - a wand of flame (29)
 D - a wand of paralysis (1)
 T - a wand of digging (10)
Scrolls
 b - a scroll of immolation {unknown}
 g - 4 scrolls of teleportation
 i - a scroll of identify
 r - a scroll of amnesia
 x - a scroll of fear
 y - a scroll of vulnerability {unknown}
 L - a scroll of acquirement {unknown}
 R - 2 scrolls of remove curse
Potions
 h - 3 potions of brilliance
 j - 3 potions of flight
 m - 4 potions of lignification
 n - 2 potions of magic {unknown}
 w - 4 potions of curing
 F - 2 potions of mutation
 M - a potion of might {unknown}
 N - a potion of ambrosia {unknown}
Comestibles
 f - 8 rations


   Skills:
 + Level 10.9 Fighting
   Level 7.3(10.8) Axes
 - Level 12.3(13.1) Maces & Flails
 - Level 2.0 Throwing
 + Level 8.6 Armour
 + Level 8.9 Dodging
 - Level 3.2 Stealth
 * Level 3.5 Invocations
 - Level 6.3 Evocations


You had 11 spell levels left.
You didn't know any spells.

Dungeon Overview and Level Annotations

Branches:
Dungeon (9/15)             Temple (1/1) D:7            Lair (3/6) D:8
  Swamp (0/4) Lair:2
  Snake: Lair:2-4    Spider: Lair:2-4       Orc: D:9-12

Altars:
Ashenzari
Cheibriados
Elyvilon
Gozag
Hepliaklqana
Kikubaaqudgha
Makhleb
Nemelex Xobeh
Okawaru
Qazlal
Sif Muna
Vehumet
Wu Jian
Xom
Yredelemnul
Zin
The Shining One

Shops:
D:4 *   D:6 [   D:7 *   D:8 [

Annotations:
Lair:1 Sonja


Innate Abilities, Weirdness & Mutations

You reflexively headbutt those who attack you in melee.
You have a pair of horns on your head.


Message History

The wraith hits you. The wraith drains your vigour!
You feel yourself slow down. The hungry ghost hits you.
You feel a lot more hungry. The lich misses you.
You bludgeon the lich!!
You destroy the lich!
Makhleb accepts your kill.
The wraith disappears in a puff of smoke!
The hungry ghost disappears in a puff of smoke!
The phantom disappears in a puff of smoke! x2
The wraith disappears in a puff of smoke! x2
Your life force feels restored.
Your Invocations skill increases to level 3!
Deactivating autopickup; reactivate with Ctrl-A.
You completely miss something. Your headbutt misses something.
Something hits you!!
You feel your power leaking away.
You miss something. The large abomination hits you!
* * * LOW HITPOINT WARNING * * *
Something hits you!!
You die...

# . # . # #..
. ####.####
###...#.# .
###.#.# . .# #
##§#..#. . #.
##{@.# ##.#
#..##X#.######
# ....###. § #
.....####.. #
##.### # . .
#.#.. # § # #
# .


You could see a large abomination.

Vanquished Creatures
  A lich (Abyss:2)
  A two-headed ogre (D:8)
  The ghost of hamsterstyle the Severer, a novice MiBe of Trog (D:8)
  A soul eater (Abyss:2)
  Pikel (D:4)
  A worldbinder (Abyss:2)
  Maurice (D:8)
  Psyche (D:8)
  Joseph (D:8)
  A smoke demon (Abyss:2)
  A spiny frog (Lair:1)
  A troll (D:5)
  Grinder (D:7)
  Prince Ribbit (D:4)
  3 blink frogs (Lair:1)
  3 raiju (Abyss:2)
  The ghost of Fang the Chopper, an amateur GrBe of Trog (D:3)
  2 hippogriffs
  Sigmund (D:5)
  A hungry ghost (D:9)
  Menkaure (D:4)
  Edmund (D:4)
  2 water moccasins
  2 ice beasts
  A phantom (D:7)
  6 ogres
  6 centaurs
  A big kobold (Sewer)
  3 bullfrogs
  2 scorpions (D:7)
  4 killer bees
  A howler monkey (D:6)
  4 crimson imps
  4 jellies
  An orc priest (D:4)
  2 bullfrog skeletons
  3 hounds
  2 centaur skeletons
  2 orc wizards
  2 iguanas
  Natasha (thrice) (D:2)
  5 worker ants
  A hound skeleton (D:4)
  A mummy (D:7)
  6 adders
  2 river rats (Sewer)
  A shadow imp (D:9)
  2 oozes
  5 worms
  2 dart slugs
  6 leopard geckos
  23 orcs
  A ball python (D:4)
  7 giant cockroaches
  3 goblins
  8 hobgoblins
  5 jackals
  8 kobolds
  3 quokkas
  3 bats
  A frilled lizard (D:3)
  A hobgoblin zombie (D:7)
  A kobold zombie (D:7)
  A leopard gecko skeleton (D:8)
  2 orc zombies (D:7)
  13 rats
  A fungus (Lair:1)
  A plant (Lair:1)
191 creatures vanquished.

Vanquished Creatures (others)
  A slave (D:5)
  A crimson imp (D:5)
  A hound (D:5)
  A hound skeleton (D:5)
  A quokka zombie (D:5)
5 creatures vanquished.

Grand Total: 196 creatures vanquished

Notes
Turn   | Place    | Note
-------+----------+-------------------------------------------
     0 | D:1      | Fortress the Minotaur Gladiator began the quest for the Orb.
     0 | D:1      | Reached XP level 1. HP: 18/18 MP: 0/0
   127 | D:2      | Reached XP level 2. HP: 25/25 MP: 1/1
   631 | D:1      | Reached XP level 3. HP: 27/30 MP: 2/2
   797 | D:2      | Reached skill level 1 in Armour
   825 | D:3      | Noticed Fang's ghost (amateur GrBe)
   846 | D:3      | Killed Fang's ghost
   846 | D:3      | Reached skill level 5 in Axes
   846 | D:3      | Reached XP level 4. HP: 17/38 MP: 3/3
   846 | D:3      | Reached XP level 5. HP: 20/45 MP: 4/4
  1048 | D:2      | Noticed Natasha
  1070 | D:2      | Killed Natasha
  1298 | D:2      | Found an opulent altar of Gozag.
  1485 | D:3      | Reached XP level 6. HP: 50/52 MP: 5/5
  1670 | D:2      | Noticed Natasha
  1678 | D:2      | Killed Natasha
  1780 | D:2      | Found a burning altar of Makhleb.
  1780 | D:2      | Found a radiant altar of Vehumet.
  1784 | D:2      | Became a worshipper of Makhleb the Destroyer
  1855 | D:2      | Found a hazy altar of Hepliaklqana.
  2116 | D:2      | Noticed Natasha
  2127 | D:2      | Killed Natasha
  2581 | D:3      | Found a sparkling altar of Nemelex Xobeh.
  2864 | D:4      | Noticed Edmund
  2876 | D:4      | Killed Edmund
  2876 | D:4      | Reached XP level 7. HP: 43/59 MP: 0/6
  3237 | D:4      | Reached skill level 5 in Dodging
  3241 | D:4      | Found Jyot's General Store.
  3244 | D:4      | Bought a scroll of fear for 35 gold pieces
  3244 | D:4      | Bought a potion of lignification for 30 gold pieces
  3362 | D:5      | Entered Level 5 of the Dungeon
  3465 | D:4      | Noticed Menkaure
  3473 | D:4      | Killed Menkaure
  3473 | D:4      | Reached skill level 1 in Maces & Flails
  3473 | D:4      | Reached skill level 1 in Evocations
  3494 | D:4      | Reached * piety under Makhleb
  3661 | D:4      | Reached skill level 2 in Maces & Flails
  3706 | D:5      | Noticed Prince Ribbit
  3706 | D:5      | Noticed Sigmund
  4081 | D:4      | Killed Prince Ribbit
  4081 | D:4      | Reached skill level 3 in Maces & Flails
  4081 | D:4      | Reached XP level 8. HP: 41/67 MP: 2/8
  4215 | D:5      | Noticed Pikel
  4240 | D:4      | Killed Pikel
  4240 | D:4      | Reached skill level 5 in Fighting
  4240 | D:4      | Reached skill level 5 in Maces & Flails
  4240 | D:4      | Reached skill level 5 in Armour
  4259 | D:5      | Killed Sigmund
  4365 | D:5      | Noticed a troll
  4368 | D:5      | Reached skill level 6 in Maces & Flails
  4383 | D:5      | Found a shattered altar of Ashenzari.
  4384 | D:5      | Found a glowing golden altar of the Shining One.
  4662 | D:5      | Killed a troll
  4662 | D:5      | Reached XP level 9. HP: 21/74 MP: 3/10
  4935 | D:5      | Found an ornate altar of the Wu Jian Council.
  4937 | D:5      | Found a shattered altar of Ashenzari.
  4937 | D:5      | Found a stormy altar of Qazlal.
  4939 | D:5      | Found a basalt altar of Yredelemnul.
  4939 | D:5      | Found a shimmering altar of Xom.
  4939 | D:5      | Found a basalt altar of Yredelemnul.
  5054 | D:6      | Found a glowing drain.
  5069 | D:6      | Reached skill level 7 in Maces & Flails
  5113 | Sewer    | Entered a sewer
  5123 | Sewer    | Reached ** piety under Makhleb
  5218 | Sewer    | Found a white marble altar of Elyvilon.
  5443 | D:6      | Noticed Grinder
  5676 | D:6      | Found Poodghima's Antique Armour Emporium.
  5695 | D:6      | Bought a pair of gloves for 99 gold pieces
  5893 | D:7      | Reached skill level 8 in Maces & Flails
  6044 | D:8      | Noticed a two-headed ogre
  6063 | D:8      | Killed a two-headed ogre
  6063 | D:8      | Reached skill level 9 in Maces & Flails
  6123 | D:8      | Noticed Joseph
  6130 | D:7      | Reached skill level 5 in Evocations
  6135 | D:7      | Reached XP level 10. HP: 52/84 MP: 4/12
  6238 | D:8      | Killed Joseph
  6600 | D:7      | Reached skill level 10 in Maces & Flails
  6682 | D:7      | Found Zin's Purification Station.
  6689 | D:7      | Found a glowing silver altar of Zin.
  7021 | D:7      | Killed Grinder
  7053 | D:7      | Found a basalt altar of Yredelemnul.
  7213 | D:7      | Found a staircase to the Ecumenical Temple.
  7230 | Temple   | Entered the Ecumenical Temple
  7686 | D:8      | Paralysed by fainting for 12 turns
  7698 | D:8      | Noticed hamsterstyle's ghost (novice MiBe)
  7726 | D:8      | Killed hamsterstyle's ghost
  7825 | D:8      | Reached *** piety under Makhleb
  7829 | D:8      | Found a staircase to the Lair.
  7830 | D:8      | Found Pitawae's Armour Shoppe.
  7906 | D:8      | Found an ornate altar of the Wu Jian Council.
  7909 | D:8      | Noticed Maurice
  7912 | D:8      | Noticed Psyche
  7926 | D:8      | Killed Psyche
  7926 | D:8      | Reached skill level 11 in Maces & Flails
  7936 | D:8      | Killed Maurice
  8316 | Lair:1   | Entered Level 1 of the Lair of Beasts
  8329 | Lair:1   | Reached skill level 12 in Maces & Flails
  8329 | Lair:1   | Reached XP level 11. HP: 97/97 MP: 5/14
  8851 | Lair:2   | Found a staircase to the Swamp.
  9218 | Lair:1   | Noticed Sonja
  9225 | Lair:1   | Cast into level 2 of the Abyss (Sonja)
  9225 | Abyss:2  | Found a corrupted altar of Lugonu.
  9302 | Abyss:2  | Found a corrupted altar of Lugonu.
  9307 | Abyss:2  | Reached skill level 1 in Invocations
  9307 | Abyss:2  | Reached XP level 12. HP: 92/106 MP: 5/15
  9320 | Abyss:2  | Reached skill level 10 in Fighting
  9389 | Abyss:2  | Noticed a lich
  9406 | Abyss:2  | Killed a lich
  9408 | Abyss:2  | Slain by a lorocyproca

Skill      XL: |  1  2  3  4  5  6  7  8  9 10 11 12 |
---------------+-------------------------------------+-----
Dodging        | 4 5 6 8 |  8.9
Axes           | 4 5 6 7 |  7.3
Armour         | 2 3 4 6 8 |  8.6
Fighting       | 3 4 5 6 9 10 | 10.9
Maces & Flails | 3 6 9 12 | 12.3
Evocations     | 2 3 5 6 |  6.3
Stealth        | 3 |  3.2
Invocations    | 1 3 |  3.5
Throwing       | |  2.0

Action                   |  1- 3 |  4- 6 |  7- 9 | 10-12 || total
-------------------------+-------+-------+-------+-------++-------
Melee: War axe           |    50 |   102 |       |       ||   152
       Headbutt          |     7 |    17 |    45 |    56 ||   125
       Flail             |       |       |   211 |   237 ||   448
Evoke: Wand              |       |       |    17 |     6 ||    23
  Use: Scroll            |       |       |    14 |     2 ||    16
       Potion            |       |       |       |     3 ||     3
 Stab: Paralysed         |       |       |    12 |     7 ||    19
       Sleeping          |       |       |       |     3 ||     3
  Eat: Ration            |       |     1 |     2 |     4 ||     7
       Chunk             |       |     3 |     4 |     1 ||     8
Armor: Leather armour    |    10 |       |       |       ||    10
       Ring mail         |     4 |    12 |       |       ||    16
       Chain mail        |       |    29 |    78 |       ||   107
       Troll leather arm |       |       |    23 |    57 ||    80
Dodge: Dodged            |    32 |    63 |   125 |   132 ||   352
